 Dungeon Crawl Stone Soup version 0.29.1-12-g30fa7ad0bf (webtiles) character file.

Game seed: 14919070467912636370

116 sanboga the Chopper (level 4, 0/41 HPs)
             Began as a Minotaur Monk on Dec 20, 2022.
             Slain by a sky beast (6 damage)
             ... on level 4 of the Dungeon.
             The game lasted 00:02:36 (3097 turns).

sanboga the Chopper (Minotaur Monk)                 Turns: 3097, Time: 00:02:36

Health: 0/41       AC:  3    Str: 18    XL:     4   Next: 70%
Magic:  3/3        EV: 12    Int:  7    God:
Gold:   53         SH:  0    Dex: 12    Spells: 3/3 levels left

rFire   . . .      SeeInvis .   a - +0 hand axe
rCold   . . .      Faith    .   (no shield)
rNeg    . . .      Spirit   .   b - +0 robe
rPois   .          Reflect  .   (helmet restricted)
rElec   .          Harm     .   (no cloak)
rCorr   .          Rampage  .   j - +0 pair of gloves
Will    .....                   (no boots)
Stlth   ++........              (no amulet)
HPRegen 0.13/turn               (no ring)
MPRegen 0.08/turn               (no ring)

@: no status effects
A: horns 2, retaliatory headbutt
a: no special abilities


You were on level 4 of the Dungeon.
You visited 1 branch of the dungeon, and saw 4 of its levels.

You collected 189 gold pieces.
You spent 136 gold pieces at shops.

Inventory:

Hand Weapons
 a - a +0 hand axe (weapon)
Armour
 b - a +0 robe (worn)
 j - a +0 pair of gloves (worn)
Jewellery
 t - a ring of ice
Wands
 o - a wand of flame (8)
Scrolls
 d - 4 scrolls of identify {unknown}
 g - 5 scrolls of teleportation
 i - a scroll of torment {unknown}
 m - a scroll of fear {unknown}
 n - a scroll of amnesia {unknown}
 q - a scroll of magic mapping {unknown}
 r - 2 scrolls of vulnerability {unknown}
 s - a scroll of blinking
Potions
 c - a potion of ambrosia
 e - a potion of attraction {unknown}
 f - 2 potions of brilliance {unknown}
 h - a potion of mutation {unknown}
 k - a potion of degeneration {unknown}
 l - 3 potions of resistance {unknown}
 p - a potion of cancellation {unknown}


   Skills:
 + Level 4.5 Fighting
 * Level 5.3 Axes
 + Level 2.4 Armour
 - Level 3.2 Dodging
 - Level 1.5 Stealth


You had 3 spell levels left.
You didn't know any spells.
Your spell library contained the following spells:

 Spells                   Type           Power      Damage    Failure   Level
 Dispersal                Tloc           0%         N/A       100%        6
 Disjunction              Tloc           0%         N/A       100%        8


Dungeon Overview and Level Annotations

Branches:
Dungeon (4/15)
 Temple: D:4-7

Altars:
Cheibriados

Shops:
D:2 :((*


Innate Abilities, Weirdness & Mutations

You have a pair of horns on your head.
You reflexively headbutt those who attack you in melee.


Message History

The adder barely misses you. You furiously retaliate!
You headbutt the adder!
You kill the adder!
You slash the endoplasm!
You kill the endoplasm!
No target in view!
You see here a +0 dagger.
A sky beast comes into view.
Things that are here:
an adder corpse; a hobgoblin corpse
Found 18 gold pieces.
The sky beast barely misses you. You furiously retaliate!
You headbutt the sky beast, but do no damage.
You slash the sky beast! Your headbutt misses the sky beast.
The sky beast is moderately wounded.
The sky beast hits you. The sky beast shocks you.
You hit the sky beast.
The sky beast is moderately wounded.
The sky beast hits you. The sky beast shocks you.
You closely miss the sky beast.
The sky beast is moderately wounded.
The sky beast closely misses you.
You hit the sky beast. You headbutt the sky beast!
The sky beast is severely wounded.
The sky beast hits you. The sky beast shocks you.
You are too injured to fight recklessly!
You are too injured to fight recklessly!
You are too injured to fight recklessly!
You hit the sky beast but do no damage. You headbutt the sky beast.
The sky beast is severely wounded.
The sky beast hits you but does no damage.
You miss the sky beast. You headbutt the sky beast.
The sky beast is severely wounded.
The sky beast hits you. The sky beast shocks you.
* * * LOW HITPOINT WARNING * * *
You closely miss the sky beast.
The sky beast is severely wounded.
The sky beast hits you.
* * * LOW HITPOINT WARNING * * *
The sky beast shocks you.
You die...

..##.# .#..
....##... #
#...#...#........
#. ...... #.......
# .. #.##.#
#....... ..$#.
##.##.# #.....###
......#[....#
#....... #Y@....#
#..#..## #.####†##
#...#..# #. #).##
#......#
#.#####..###.####..
#.............#[...
#############......
#....<. #......
#.....†


You could see a sky beast.

Vanquished Creatures
  5 adders
  2 worms (D:2)
  A dart slug (D:2)
  An orc (D:2)
  11 ball pythons
  2 endoplasms
  6 giant cockroaches
  10 goblins
  5 hobgoblins
  8 bats
  3 frilled lizards
  2 kobolds
  2 rats
58 creatures vanquished.

Notes
Turn   | Place    | Note
-------+----------+-------------------------------------------
     0 | D:1      | sanboga the Minotaur Monk began the quest for the Orb.
     0 | D:1      | Reached XP level 1. HP: 19/19 MP: 0/0
     1 | D:1      | Noticed an electric eel
   392 | D:1      | Reached skill level 4 in Axes
   392 | D:1      | Reached XP level 2. HP: 27/27 MP: 1/1
   541 | D:1      | Reached skill level 1 in Armour
   718 | D:1      | Noticed a great orb of eyes
   719 | D:1      | Found a faded altar of an unknown god.
   722 | D:1      | Noticed a golden eye
   722 | D:1      | Noticed a floating eye
   722 | D:1      | Noticed a floating eye
   916 | D:2      | Reached XP level 3. HP: 33/33 MP: 2/2
   969 | D:2      | Found Poibock's Weapon Shop.
  1043 | D:2      | Found Efiboel's Book Shop.
  1330 | D:2      | Found Iffimut's General Store.
  1338 | D:2      | Bought a scroll of teleportation for 39 gold pieces
  1626 | D:2      | Reached skill level 5 in Axes
  1626 | D:2      | Reached XP level 4. HP: 38/40 MP: 3/3
  1746 | D:2      | Found Wotof's Weapon Emporium.
  1928 | D:3      | Found a snail-covered altar of Cheibriados.
  2219 | D:2      | Bought a scroll of blinking for 97 gold pieces
  3085 | D:4      | Noticed a sky beast
  3097 | D:4      | Slain by a sky beast

Illustrated notes

Levels and vault maps discovered:
D:1:      arrival_aquarium_a, layout_loops_ring,
          hellmonk_ecumenical_altar_watching_god, feat_on_display
D:2:      layout_basic, serial_shops, shop, nicolae_shop_hallway_plus,
          nicolae_diamond_shop, nicolae_shop_behind_doors
D:3:      layout_loops_corners, cheibriados_altar_1
D:4:      layout_rooms, serial_shops, nicolae_shop_crystal,
          nicolae_grassy_gnolls

Skill      XL: |  1  2  3 |
---------------+----------+-----
Axes           | 4 5 |  5.3
Armour         | 1 2 |  2.4
Fighting       | 4 |  4.5
Dodging        | |  3.2
Stealth        | |  1.5

Action                   |  1- 3 |  4- 6 || total
-------------------------+-------+-------++-------
Melee: Hand axe          |    61 |    42 ||   103
       Headbutt          |    11 |     8 ||    19
 Stab: Sleeping          |     4 |       ||     4
       Distracted        |       |     1 ||     1
Armor: Robe              |    21 |    10 ||    31
Dodge: Dodged            |    43 |    23 ||    66
